 Dungeon Crawl Stone Soup version 0.19.5 (webtiles) character file.

403 Khaine the Chopper (level 6, 0/53 HPs)
             Began as a Minotaur Fighter on Mar 14, 2017.
             Was a Follower of Ru.
             Succumbed to an orc priest's poison
             ... on level 4 of the Dungeon.
             The game lasted 00:09:00 (2664 turns).

Khaine the Chopper (Minotaur Fighter)               Turns: 2664, Time: 00:09:01

Health: 0/53       AC:  9    Str: 23    XL:     6   Next: 55%
Magic:  5/5        EV:  6    Int:  5    God:    Ru [*.....]
Gold:   171        SH: 11    Dex:  9    Spells: 0 memorised, 5 levels left

rFire  . . .     SeeInvis .     a - +0 war axe
rCold  . . .     Gourm    .     o - +0 chain mail
rNeg   . . .     Faith    .     c - +1 shield
rPois  .         Spirit   .     (helmet restricted)
rElec  .         Reflect  .     (no cloak)
rCorr  +         Harm     .     (no gloves)
MR     .....                    (no boots)
Stlth  ..........               (no amulet)
                                (no ring)
                                j - ring of resist corrosion

@: lethally poisoned (0 -> -3), very slightly contaminated, invisible
A: retaliatory headbutt, horns 2, hated by all
a: Renounce Religion


You were on level 4 of the Dungeon.
You worshipped Ru.
Ru was aware of your devotion.
You were not hungry.

You visited 1 branch of the dungeon, and saw 4 of its levels.

You collected 171 gold pieces.

Inventory:

Hand Weapons
 a - a +0 war axe (weapon)
Missiles
 m - 7 tomahawks (quivered)
Armour
 c - a +1 shield (worn)
 o - a +0 chain mail (worn)
Jewellery
 b - an uncursed ring of protection from magic {unknown}
 j - a ring of resist corrosion (left hand)
Wands
 s - a wand of random effects (29/48)
Scrolls
 e - a scroll of amnesia
 h - 2 scrolls of remove curse
 i - 2 scrolls of identify
Books
 r - a book of Necromancy

   Spells                             Type                      Level
   a - Pain                           Necromancy                   1
   b - Animate Skeleton               Necromancy                   1
   c - Vampiric Draining              Necromancy                   3
   d - Regeneration                   Charms/Necromancy            3
   e - Animate Dead                   Necromancy                   4
   f - Control Undead                 Necromancy                   4
Comestibles
 d - 3 fruits
 f - a bread ration
 l - a meat ration


   Skills:
 + Level 4.6 Fighting
 + Level 5.9 Axes
 + Level 5.0 Armour
 + Level 0.9 Dodging
 + Level 5.1 Shields


You had 5 spell levels left.
You didn't know any spells.

Dungeon Overview and Level Annotations

Branches:
Dungeon (4/15)             Temple (0/1) D:4

Altars:
Cheibriados
Qazlal
Ru
Trog


Innate Abilities, Weirdness & Mutations

You reflexively headbutt those who attack you in melee.
You have a pair of horns on your head.
You are hated by all.


Message History

You feel sick.
* * * LOW HITPOINT WARNING * * *
You feel sick.
Found a scroll of remove curse.
* * * LOW HITPOINT WARNING * * *
You feel sick.
As you read the scroll labeled JITHRAJYUCH, it crumbles to dust.
It is a scroll of enchant armour.
Your +0 shield glows green for a moment.
Blink to where?
Press: ? - help, Dir - move target cursor
As you read the scroll of blinking, it crumbles to dust.
* * * LOW HITPOINT WARNING * * *
You feel sick.
Blink to where?
Press: ? - help, Dir - move target cursor
As you read the scroll of blinking, it crumbles to dust.
* * * LOW HITPOINT WARNING * * *
You feel sick.
You die...

.....#..#.# ##..........#
............ .......%.....#
. ...#....##<....#.#......#
................#.#.#.....##
...........##..#.#.#.#......
.#..............#.>.#...)###
####..........#.#.#.#.#....
#...........#.#.#..#).##
......##@.....#.#..)ogo#
...... #...............#
.##.. #.#.<.....##.##... ###
#..####......##..# #..
#........#.. #...
#.(..###....
........#...(<..#!
...######.#####... #.# #..


There were no monsters in sight!

Vanquished Creatures
  A howler monkey (D:3)
  3 orc priests (D:4)
  2 orc wizards (D:3)
  Ijyb (D:2)
  3 gnolls (D:4)
  4 adders
  2 oozes
  5 worms
  5 dart slugs
  2 leopard geckos (D:3)
  8 orcs (D:3)
  2 giant cockroaches (D:1)
  7 hobgoblins
  5 jackals (D:2)
  5 quokkas
  A ball python (D:2)
  10 bats
  5 frilled lizards
  11 goblins
  6 kobolds
  7 rats
95 creatures vanquished.

Notes
Turn   | Place    | Note
-------+----------+-------------------------------------------
     0 | D:1      | Khaine the Minotaur Fighter began the quest for the Orb.
     0 | D:1      | Reached XP level 1. HP: 19/19 MP: 0/0
   155 | D:1      | Reached XP level 2. HP: 27/27 MP: 1/1
   677 | D:2      | Reached XP level 3. HP: 26/33 MP: 2/2
   894 | D:2      | Noticed Ijyb
   909 | D:2      | Killed Ijyb
   955 | D:2      | Reached XP level 4. HP: 40/40 MP: 3/3
  1037 | D:2      | Found a sacrificial altar of Ru.
  1056 | D:2      | Became a worshipper of Ru the Awakened
  1544 | D:2      | Found a snail-covered altar of Cheibriados.
  1544 | D:2      | Found a faded altar of an unknown god.
  1549 | D:2      | Found a faded altar of an unknown god.
  1551 | D:2      | Found a faded altar of an unknown god.
  1553 | D:2      | Found a faded altar of an unknown god.
  1828 | D:3      | Found a bloodstained altar of Trog.
  1835 | D:3      | Found a stormy altar of Qazlal.
  1862 | D:3      | Reached XP level 5. HP: 47/47 MP: 4/4
  1880 | D:3      | Reached skill level 5 in Axes
  2359 | D:3      | Reached XP level 6. HP: 46/53 MP: 5/5
  2478 | D:3      | Gained mutation: You are hated by all. [Ru sacrifice]
  2478 | D:3      | Reached * piety under Ru
  2507 | D:3      | Reached skill level 5 in Shields
  2609 | D:4      | Found a staircase to the Ecumenical Temple.
  2644 | D:4      | Reached skill level 5 in Armour
  2659 | D:4      | HP: 2/53 [poisoned by an orc priest]
  2664 | D:4      | Succumbed to an orc priest's poison

Skill      XL: |  1  2  3  4  5  6 |
---------------+-------------------+-----
Fighting       | 4 |  4.6
Armour         | 4 5 |  5.0
Shields        | 4 5 |  5.1
Axes           | 3 4 5 |  5.9
Dodging        | |  0.9

Action                   |  1- 3 |  4- 6 || total
-------------------------+-------+-------++-------
Melee: War axe           |    71 |   123 ||   194
       Headbutt          |    14 |    24 ||    38
Throw: Throwing net      |       |     4 ||     4
Invok: Sacrifice Love    |       |     1 ||     1
  Use: Scroll            |     3 |     7 ||    10
       Potion            |       |     6 ||     6
  Eat: Chunk             |       |     6 ||     6
Armor: Scale mail        |    34 |    17 ||    51
       Chain mail        |       |    48 ||    48
Dodge: Dodged            |    16 |    48 ||    64
Block: Shield            |    41 |    91 ||   132
